AoeStats
← RDA Ronan

Nomad

507792403Analyzed
4v4 RM · 12d ago on Sep 19, 2026· 27m 47s· 8 players
Game mode
Random Map
Map size
231×231
Population
200
Speed
Normal
Resources
Standard
Victory
Conquest
Starting age
Dark Age
Ending age
Imperial Age
RankedLock teamsTeams togetherTeam positionsShared explorationLock speedFull tech treeHidden civsTurbo modeCheats
Victory
Defeat
🇦🇷 Vietnamese · Argentina
1226
+16
🇦🇷 Spanish · Argentina
1193
+17
🇪🇸 Huns · Spain
1154
+19
🇦🇷 Mongols · Argentina
1088
+21
🇺🇸 Koreans · United States
1269
-20
🇭🇷 Celts · Croatia
1208
-18
🇦🇷 Mongols · Argentina
1200
-18
🇧🇷 Lithuanians · Brazil
1184
-17
CodeRed7109
6:43 Loom
14:14 Feudal Age
22:35 Gold Mining
22:32 Double-Bit Axe
26:38 Castle Age
KASTYTIS
3:40 Loom
13:52 Feudal Age
18:15 Castle Age
17:43 Double-Bit Axe
22:51 Wheelbarrow
22:08 Horse Collar
22:54 Stone Mining
24:22 Bow Saw
26:27 Stone Shaft Mining
26:56 Fletching
Brüno
4:44 Loom
16:04 Feudal Age
16:37 Double-Bit Axe
21:28 Castle Age
19:28 Stone Mining
20:17 Horse Collar
21:00 Gold Mining
22:21 Wheelbarrow
21:39 Fletching
Alexis
6:48 Loom
12:34 Feudal Age
13:39 Double-Bit Axe
14:11 Fletching
18:33 Castle Age
19:34 Medium Warships
19:21 Bodkin Arrow
19:55 Bow Saw
19:59 Town Watch
24:46 Gold Mining
26:09 Ballistics
RDA | Karnage
8:13 Loom
13:50 Feudal Age
22:05 Bloodlines
25:32 Forging
25:27 Scale Barding Armor
28:14 Wheelbarrow
30:07 Castle Age
RDA Lurchoton
10:06 Loom
15:37 Feudal Age
16:42 Double-Bit Axe
20:04 Castle Age
19:13 Stone Mining
21:05 Gold Mining
20:57 Fishing Lines
22:10 Bow Saw
23:54 Wheelbarrow
26:48 Padded Archer Armor
RDA Valencho04
4:22 Loom
14:58 Feudal Age
15:23 Fishing Lines
19:30 Double-Bit Axe
24:14 Castle Age
25:30 Bow Saw
25:22 Fletching
25:33 Padded Archer Armor
25:52 Gillnets
RDA Ronan
4:52 Loom
12:57 Feudal Age
14:02 Double-Bit Axe
16:54 Town Watch
17:03 Gold Mining
21:50 Castle Age
19:36 Horse Collar
22:52 Medium Warships
22:25 Fishing Lines
23:06 Bow Saw
24:01 Wheelbarrow
23:29 Heavy Plow
27:31 Careening
28:24 Clinker Construction
Connection lost

Rejoining the realm…

Still unreachable

The connection could not be restored.

Session expired

The server has moved on; the page needs a fresh start.